 Dungeon Crawl Stone Soup version 0.23-a0-582-g1b4a0ca (webtiles) character file.

20288 rgaf the Martial Artist (level 12, -6/92 HPs)
             Began as a Gnoll Transmuter on Dec 16, 2018.
             Was a High Priest of Cheibriados.
             Splashed by an oklob plant's acid (7 damage)
             ... on level 1 of the Lair of Beasts on Dec 17, 2018.
             The game lasted 00:28:12 (5862 turns).

rgaf the Martial Artist (Gnoll Transmuter)          Turns: 5862, Time: 00:28:12

Health: -6/92      AC: -5    Str: 27    XL:     12   Next: 77%
Magic:  25/25      EV: 21    Int: 33    God:    Cheibriados [*****.]
Gold:   528        SH:  0    Dex: 31    Spells: 19/29 levels left

rFire    + . .     SeeInvis .     - Unarmed
rCold    . . .     Gourm    .   (no shield)
rNeg     . . .     Faith    .   p - +0 ring mail
rPois    +         Spirit   .   (no helmet)
rElec    .         Reflect  .   H - +0 cloak {rPois}
rCorr    .         Harm     .   g - +0 pair of gloves
MR       .....                  z - +0 pair of boots
Stlth    ++++......             (no amulet)
HPRegen  0.25/turn              A - ring of protection from fire
MPRegen  0.19/turn              (no ring)

@: corroded, very slow
A: distributed training, fangs 1, strong nose
a: Bend Time, Temporal Distortion, Slouch, Step From Time, Renounce Religion


You were on level 1 of the Lair of Beasts.
You worshipped Cheibriados.
Cheibriados was extremely pleased with you.
You were not hungry.

You visited 3 branches of the dungeon, and saw 13 of its levels.

You collected 656 gold pieces.
You spent 128 gold pieces at shops.

Inventory:

Missiles
 a - 170 arrows
 c - 306 stones (quivered)
 i - 2 throwing nets
Armour
 b - a +0 robe
 g - a +0 pair of gloves (worn)
 l - a +0 cloak
 m - the +2 robe of Hedge Wizardry {rElec rN++ Int-4}
   (You found it on level 10 of the Dungeon)

   It affects your intelligence (-4).
   It insulates you from electricity.
   It greatly protects you from negative energy.
 p - a +0 ring mail (worn)
 s - a +1 buckler
 z - a +0 pair of boots (worn)
 H - a +0 cloak of poison resistance (worn)
Jewellery
 q - an uncursed ring of ice
 A - a ring of protection from fire (left hand)
Wands
 j - a wand of acid (6)
 u - a wand of paralysis (23)
 B - a wand of flame (34)
 F - a wand of clouds (2)
Scrolls
 k - 5 scrolls of enchant armour
 o - 2 scrolls of amnesia
 y - a scroll of identify
 C - 3 scrolls of remove curse
 D - a scroll of torment
Potions
 e - 2 potions of brilliance
 h - a potion of ambrosia
 n - a potion of might
 r - a potion of mutation
 t - a potion of flight
 w - 3 potions of curing
 x - a potion of agility
 E - 2 potions of cancellation
Comestibles
 d - 23 rations
 G - 4 chunks of flesh


   Skills:
 + Level 8.0 Fighting
 + Level 7.5 Short Blades
 + Level 7.5 Long Blades
 + Level 7.5 Axes
 + Level 7.5 Maces & Flails
 + Level 7.5 Polearms
 + Level 7.5 Staves
 + Level 7.5 Slings
 + Level 7.5 Bows
 + Level 7.5 Crossbows
 + Level 7.5 Throwing
 + Level 7.5 Armour
 + Level 8.9 Dodging
 + Level 7.5 Stealth
 + Level 7.5 Shields
 + Level 10.0 Unarmed Combat
 + Level 9.1 Spellcasting
 + Level 6.2 Conjurations
 + Level 6.2 Hexes
 + Level 6.2 Charms
 + Level 6.2 Summonings
 + Level 6.2 Necromancy
 + Level 6.2 Translocations
 + Level 7.4 Transmutations
 + Level 6.2 Fire Magic
 + Level 6.2 Ice Magic
 + Level 6.2 Air Magic
 + Level 6.2 Earth Magic
 + Level 6.2 Poison Magic
 + Level 8.2 Invocations
 + Level 7.5 Evocations


You had 19 spell levels left.
You knew the following spells:

 Your Spells              Type           Power        Failure   Level  Hunger
b - Sticks to Snakes      Tmut           ######..     1%          2    None
c - Spider Form           Tmut/Pois      ######....   1%          3    None
d - Blade Hands           Tmut           ######....   6%          5    ###....

Your spell library contained the following spells:

 Spells                   Type           Power        Failure   Level  Hunger
 Beastly Appendage        Tmut           ######       1%          1    None
 Corona                   Hex            ######.      1%          1    None
 Ensorcelled Hibernation  Hex/Ice        ######       1%          2    None
 Confuse                  Hex            ######..     1%          3    None
 Dazzling Spray           Conj/Hex       ######       1%          3    None
 Tukima's Dance           Hex            ######..     1%          3    None
 Ice Form                 Ice/Tmut       ######..     2%          4    None


Dungeon Overview and Level Annotations

Branches:
Dungeon (11/15)            Temple (1/1) D:5            Lair (1/6) D:11
    Orc: D:9-12

Altars:
Ashenzari
Cheibriados
Dithmenos
Elyvilon
Fedhas
Gozag
Hepliaklqana
Kikubaaqudgha
Makhleb
Nemelex Xobeh
Okawaru
Qazlal
Ru
Sif Muna
Trog
Uskayaw
Vehumet
Wu Jian
Xom
Yredelemnul
Zin
The Shining One
Beogh

Shops:
D:5 *   D:7 =   D:11 }

Annotations:
D:8 Grum
D:10 3 runed doors
Lair:1 exclusion: 2 oklob plants


Innate Abilities, Weirdness & Mutations

Your experience applies equally to all skills.
You have very sharp teeth.
Your uncanny sense of smell can sniff out nearby items.


Message History

Unknown command.
The oklob plant is engulfed in blazing flames. x2
The oklob plant spits acid at you. The splash of acid hits you!
The acid corrodes you!
You are splashed with acid!
The acid burns!
* * * LOW HITPOINT WARNING * * *
The oklob plant is engulfed in blazing flames. x2
Unknown command.
The oklob plant is engulfed in blazing flames.
The oklob plant spits acid at you. The splash of acid hits you!
* * * LOW HITPOINT WARNING * * *
The acid corrodes you!
You are splashed with acid!
The acid burns!
* * * LOW HITPOINT WARNING * * *
The oklob plant is engulfed in blazing flames.
The oklob plant spits acid at you. The splash of acid hits you!
* * * LOW HITPOINT WARNING * * *
The acid corrodes you!
You are splashed with acid!
The acid burns!
You die...

#........##........
#.......###.P......
#......P# ##.......
######÷....##
#.......
#§§§!P....##
##......
#PP§§.....#
##......
#$§§§§...##
#....... #[.=§§.^##
####....
#.######@### ##...
#........|.###
#....
#............#
#.#...
#.....##.....##
####.. ##....
##.....#### ###
##.. #.#.......##
#P.# ##.........###
### #..........P#
#.._.......## ##


You could see 2 oklob plants.

Vanquished Creatures
  Gastronok (D:8)
  Erica (D:8)
  3 two-headed ogres
  A tengu warrior (D:10)
  An unseen horror (D:10)
  An oklob plant (Lair:1)
  Maurice (D:11)
  3 spiny frogs (Lair:1)
  2 komodo dragons (Lair:1)
  3 trolls
  5 blink frogs (Lair:1)
  3 hippogriffs
  20 yaks
  Eustachio (D:4)
  A vampire (D:8)
  A steam dragon (D:8)
  2 water moccasins
  6 porcupines
  7 orc warriors
  3 black bears
  An eye of draining (D:8)
  2 ice beasts
  3 sky beasts
  3 ogres
  2 phantoms
  5 centaurs
  3 crocodiles
  5 big kobolds
  Blork the orc (D:5)
  12 bullfrogs
  4 killer bees (D:9)
  3 scorpions
  5 wights (D:7)
  8 howler monkeys
  4 centaur zombies
  3 crimson imps
  6 hounds
  A quasit (D:11)
  A bullfrog skeleton (D:10)
  6 orc priests
  8 orc wizards
  Ijyb (D:4)
  A centaur skeleton (D:7)
  A gnoll shaman (D:7)
  6 worker ants
  4 iguanas
  A howler monkey zombie (D:9)
  15 gnolls
  13 adders
  2 oozes
  An adder skeleton (D:6)
  3 worms (D:2)
  5 dart slugs
  7 leopard geckos
  57 orcs
  3 ball pythons
  4 giant cockroaches
  3 goblins
  6 hobgoblins
  5 jackals
  25 kobolds
  3 quokkas
  9 bats
  2 frilled lizards
  A quokka skeleton (D:7)
  2 quokka zombies
  6 rats
  2 plants (Lair:1)
340 creatures vanquished.

Vanquished Creatures (collateral kills)
  A leopard gecko (D:1)
1 creature vanquished.

Vanquished Creatures (others)
  35 fungi (D:11)
  9 plants
44 creatures vanquished.

Grand Total: 385 creatures vanquished

Notes
Turn   | Place    | Note
-------+----------+-------------------------------------------
     0 | D:1      | rgaf the Gnoll Transmuter began the quest for the Orb.
     0 | D:1      | Reached XP level 1. HP: 17/17 MP: 6/6
    64 | D:1      | Reached XP level 2. HP: 23/23 MP: 7/7
   198 | D:1      | Reached XP level 3. HP: 21/28 MP: 9/9
   205 | D:1      | Learned a level 2 spell: Sticks to Snakes
   209 | D:1      | Learned a level 3 spell: Spider Form
   219 | D:1      | Reached skill level 5 in Spellcasting
   329 | D:2      | Reached skill level 1 in Invocations
   425 | D:2      | Reached skill level 1 in Short Blades
   425 | D:2      | Reached skill level 1 in Long Blades
   425 | D:2      | Reached skill level 1 in Axes
   425 | D:2      | Reached skill level 1 in Maces & Flails
   425 | D:2      | Reached skill level 1 in Polearms
   425 | D:2      | Reached skill level 1 in Staves
   425 | D:2      | Reached skill level 1 in Slings
   425 | D:2      | Reached skill level 1 in Bows
   425 | D:2      | Reached skill level 1 in Crossbows
   425 | D:2      | Reached skill level 1 in Throwing
   425 | D:2      | Reached skill level 1 in Armour
   425 | D:2      | Reached skill level 1 in Stealth
   425 | D:2      | Reached skill level 1 in Shields
   425 | D:2      | Reached skill level 1 in Evocations
   425 | D:2      | Reached XP level 4. HP: 22/34 MP: 6/11
   516 | D:2      | Reached skill level 1 in Conjurations
   516 | D:2      | Reached skill level 1 in Hexes
   516 | D:2      | Reached skill level 1 in Charms
   516 | D:2      | Reached skill level 1 in Summonings
   516 | D:2      | Reached skill level 1 in Necromancy
   516 | D:2      | Reached skill level 1 in Translocations
   516 | D:2      | Reached skill level 1 in Fire Magic
   516 | D:2      | Reached skill level 1 in Ice Magic
   516 | D:2      | Reached skill level 1 in Air Magic
   516 | D:2      | Reached skill level 1 in Earth Magic
   516 | D:2      | Reached skill level 1 in Poison Magic
   549 | D:2      | Found an iron altar of Okawaru.
   552 | D:2      | Found a stormy altar of Qazlal.
   806 | D:3      | Reached XP level 5. HP: 40/40 MP: 8/12
   855 | D:3      | Learned a level 5 spell: Blade Hands
  1003 | D:3      | Reached XP level 6. HP: 19/47 MP: 9/13
  1092 | D:3      | Reached skill level 5 in Dodging
  1287 | D:4      | Reached XP level 7. HP: 28/52 MP: 11/15
  1304 | D:4      | Noticed Eustachio
  1353 | D:4      | Killed Eustachio
  1353 | D:4      | Reached skill level 7 in Unarmed Combat
  1481 | D:4      | Noticed Ijyb
  1492 | D:4      | Killed Ijyb
  1541 | D:5      | Entered Level 5 of the Dungeon
  1591 | D:5      | Reached XP level 8. HP: 52/60 MP: 13/16
  1683 | D:5      | Noticed Blork the orc
  1695 | D:5      | Killed Blork the orc
  1718 | D:5      | Found Son Diso's Assorted Antiques.
  1726 | D:5      | Bought a potion of curing for 99 gold pieces
  1726 | D:5      | Bought a fuming pink potion for 29 gold pieces
  2049 | D:5      | Found a staircase to the Ecumenical Temple.
  2058 | Temple   | Entered the Ecumenical Temple
  2466 | D:6      | Found a snail-covered altar of Cheibriados.
  2473 | D:6      | Became a worshipper of Cheibriados the Contemplative
  2479 | D:6      | Found a basalt altar of Yredelemnul.
  2483 | D:6      | Found an ancient bone altar of Kikubaaqudgha.
  2483 | D:6      | Found an opulent altar of Gozag.
  2569 | D:7      | Found a shimmering altar of Xom.
  2717 | D:7      | Found Bexzur's Jewellery Boutique.
  2747 | D:7      | Reached XP level 9. HP: 52/66 MP: 14/18
  2776 | D:7      | Reached skill level 5 in Transmutations
  2905 | D:7      | Reached * piety under Cheibriados
  3025 | D:7      | Reached skill level 5 in Fighting
  3142 | D:7      | Reached skill level 8 in Unarmed Combat
  3164 | D:7      | Reached ** piety under Cheibriados
  3331 | D:8      | Noticed Gastronok
  3337 | D:8      | Noticed a two-headed ogre
  3340 | D:8      | Noticed Erica
  3342 | D:8      | Reached skill level 5 in Invocations
  3343 | D:8      | Killed Erica
  3343 | D:8      | Reached XP level 10. HP: 64/74 MP: 20/20
  3349 | D:8      | Killed Gastronok
  3349 | D:8      | Reached skill level 5 in Short Blades
  3349 | D:8      | Reached skill level 5 in Long Blades
  3349 | D:8      | Reached skill level 5 in Axes
  3349 | D:8      | Reached skill level 5 in Maces & Flails
  3349 | D:8      | Reached skill level 5 in Polearms
  3349 | D:8      | Reached skill level 5 in Staves
  3349 | D:8      | Reached skill level 5 in Slings
  3349 | D:8      | Reached skill level 5 in Bows
  3349 | D:8      | Reached skill level 5 in Crossbows
  3349 | D:8      | Reached skill level 5 in Throwing
  3349 | D:8      | Reached skill level 5 in Armour
  3349 | D:8      | Reached skill level 5 in Stealth
  3349 | D:8      | Reached skill level 5 in Shields
  3349 | D:8      | Reached skill level 5 in Evocations
  3356 | D:8      | Killed a two-headed ogre
  3426 | D:8      | Reached XP level 11. HP: 34/82 MP: 22/22
  3639 | D:8      | Noticed Grum
  3812 | D:9      | Reached *** piety under Cheibriados
  3953 | D:9      | Reached skill level 9 in Unarmed Combat
  4011 | D:9      | Found a roughly hewn altar of Beogh.
  4087 | D:9      | Noticed a two-headed ogre
  4096 | D:9      | Killed a two-headed ogre
  4096 | D:9      | Reached **** piety under Cheibriados
  4096 | D:9      | Reached skill level 5 in Conjurations
  4096 | D:9      | Reached skill level 5 in Hexes
  4096 | D:9      | Reached skill level 5 in Charms
  4096 | D:9      | Reached skill level 5 in Summonings
  4096 | D:9      | Reached skill level 5 in Necromancy
  4096 | D:9      | Reached skill level 5 in Translocations
  4096 | D:9      | Reached skill level 5 in Fire Magic
  4096 | D:9      | Reached skill level 5 in Ice Magic
  4096 | D:9      | Reached skill level 5 in Air Magic
  4096 | D:9      | Reached skill level 5 in Earth Magic
  4096 | D:9      | Reached skill level 5 in Poison Magic
  4256 | D:10     | Entered Level 10 of the Dungeon
  4273 | D:10     | Noticed a two-headed ogre
  4282 | D:10     | Killed a two-headed ogre
  4375 | D:10     | Noticed a tengu warrior
  4417 | D:10     | Killed a tengu warrior
  4464 | D:10     | Found a runed gate.
  4464 | D:10     | Found a runed gate.
  4466 | D:10     | Found a runed gate.
  4466 | D:10     | Noticed a purple ugly thing
  4468 | D:10     | Noticed a purple ugly thing
  4565 | D:10     | Noticed a brown ugly thing
  4565 | D:10     | Noticed a red ugly thing
  4674 | D:10     | Noticed a white ugly thing
  4676 | D:10     | Noticed a purple ugly thing
  4724 | D:10     | Got an opalescent robe
  4797 | D:10     | Reached ***** piety under Cheibriados
  4881 | D:10     | Killed an unseen horror
  5213 | D:11     | Reached XP level 12. HP: 91/91 MP: 18/24
  5271 | D:11     | Found Ajaat's Gadget Boutique.
  5272 | D:11     | Found a staircase to the Lair.
  5334 | D:11     | Noticed Maurice
  5362 | D:11     | Killed Maurice
  5371 | D:11     | Identified the +2 robe of Hedge Wizardry {rElec rN++ Int-4}
                  | (You found it on level 10 of the Dungeon)
  5523 | Lair:1   | Entered Level 1 of the Lair of Beasts
  5638 | Lair:1   | Identified a scroll of acquirement
  5729 | Lair:1   | Reached skill level 10 in Unarmed Combat
  5748 | Lair:1   | Found a burning altar of Makhleb.
  5862 | Lair:1   | HP: 1/92 [oklob plant/splash of acid (14)]
  5862 | Lair:1   | Splashed by an oklob plant's acid

Vault maps used:
D:1:      eino_arrival_tree_alley, serial_corexii_hall, corexii_hall_statues_u,
          chequers_hall_statues_wall_a
D:2:      grunt_temple_overflow_open, first_ration
D:3:      minmay_ogre_servants
D:4:      uniq_eustachio, uniq_ijyb
D:5:      minmay_temple_entry_proselytizer, serial_shops, shop,
          uniq_blork_the_orc
D:6:      wad_lake_hut, minitemple, kennysheep_little_box
D:7:      basic_altar, serial_shops, shop_statue
D:8:      uniq_grum, uniq_gastronok, uniq_erica
D:9:      lemuel_ice_spiral_2, special_room
D:10:     ploomutoo_gammafunk_ghost_potion_laboratory, grunt_tengu_nest
D:11:     due_lair_maze_entry_diamond, serial_shops, shop, uniq_maurice
Temple:   lightli_temple_of_artemis
Lair:1:   basic_altar, minmay_lair_oklob_chamber, infiniplex_staircase_pool,
          lemuel_fruit_fields, grunt_megastairs_2

Skill      XL: |  1  2  3  4  5  6  7  8  9 10 11 12 |
---------------+-------------------------------------+-----
Spellcasting   | 5 6 7 8 9 |  9.1
Invocations    | 1 2 3 4 5 6 7 8 |  8.2
Short Blades   | 1 2 3 4 5 6 7 |  7.5
Long Blades    | 1 2 3 4 5 6 7 |  7.5
Axes           | 1 2 3 4 5 6 7 |  7.5
Maces & Flails | 1 2 3 4 5 6 7 |  7.5
Polearms       | 1 2 3 4 5 6 7 |  7.5
Staves         | 1 2 3 4 5 6 7 |  7.5
Slings         | 1 2 3 4 5 6 7 |  7.5
Bows           | 1 2 3 4 5 6 7 |  7.5
Crossbows      | 1 2 3 4 5 6 7 |  7.5
Throwing       | 1 2 3 4 5 6 7 |  7.5
Armour         | 1 2 3 4 5 6 7 |  7.5
Stealth        | 1 2 3 4 5 6 7 |  7.5
Shields        | 1 2 3 4 5 6 7 |  7.5
Evocations     | 1 2 3 4 5 6 7 |  7.5
Conjurations   | 1 2 3 4 5 6 |  6.2
Hexes          | 1 2 3 4 5 6 |  6.2
Charms         | 1 2 3 4 5 6 |  6.2
Summonings     | 1 2 3 4 5 6 |  6.2
Necromancy     | 1 2 3 4 5 6 |  6.2
Translocations | 1 2 3 4 5 6 |  6.2
Fire Magic     | 1 2 3 4 5 6 |  6.2
Ice Magic      | 1 2 3 4 5 6 |  6.2
Air Magic      | 1 2 3 4 5 6 |  6.2
Earth Magic    | 1 2 3 4 5 6 |  6.2
Poison Magic   | 1 2 3 4 5 6 |  6.2
Fighting       | 3 4 5 6 7 8 |  8.0
Transmutations | 4 5 6 7 |  7.4
Dodging        | 5 6 7 8 |  8.9
Unarmed Combat | 7 8 9 10 | 10.0

Action                   |  1- 3 |  4- 6 |  7- 9 | 10-12 || total
-------------------------+-------+-------+-------+-------++-------
Melee: Unarmed           |    77 |   137 |   305 |   417 ||   936
       Bite              |     9 |     6 |    12 |    46 ||    73
       Punch             |     1 |     2 |     5 |    21 ||    29
       Kick              |     3 |       |       |       ||     3
 Cast: Beastly Appendage |     2 |       |       |       ||     2
       Spider Form       |     4 |    10 |    26 |     6 ||    46
       Sticks to Snakes  |     2 |       |       |       ||     2
       Blade Hands       |       |       |       |    27 ||    27
Invok: Slouch            |       |       |       |     2 ||     2
Evoke: Wand              |       |     1 |     5 |    16 ||    22
  Use: Scroll            |       |       |     8 |    17 ||    25
       Potion            |       |       |     2 |     8 ||    10
 Stab: Sleeping          |       |     2 |     2 |     2 ||     6
       Distracted        |       |     1 |       |     1 ||     2
       Confused          |       |     1 |       |       ||     1
       Paralysed         |       |       |     2 |    11 ||    13
  Eat: Chunk             |       |     2 |     8 |    10 ||    20
Armor: Robe              |    13 |     8 |       |       ||    21
       Skin              |       |     7 |     8 |   179 ||   194
       Ring mail         |       |     6 |    34 |    71 ||   111
Dodge: Dodged            |    42 |   102 |   244 |   331 ||   719

Table legend:
 A = Non-vault XP
 B = Vault XP
 C = Vault XP percentage of total XP
 D = Non-vault monster count
 E = Vault monster count
 F = Vault count percentage of total count
                 A         B        C        D         E       F
            +---------+---------+-------+---------+---------+-------
      Total |   21289 |    7695 |  26.5 |     292 |      47 |  13.9
            +---------+---------+-------+---------+---------+-------
        D:1 |      41 |       0 |   0.0 |      17 |       0 |   0.0
        D:2 |     114 |       0 |   0.0 |      20 |       0 |   0.0
        D:3 |     354 |       0 |   0.0 |      45 |       0 |   0.0
        D:4 |     258 |     247 |  48.9 |       6 |       2 |  25.0
        D:5 |     615 |     137 |  18.2 |      12 |       2 |  14.3
        D:6 |     317 |       0 |   0.0 |      19 |       0 |   0.0
        D:7 |    2026 |       0 |   0.0 |      48 |       0 |   0.0
        D:8 |    2564 |    3345 |  56.6 |      25 |       2 |   7.4
        D:9 |    2318 |     505 |  17.9 |      23 |      26 |  53.1
       D:10 |    3520 |     897 |  20.3 |      23 |       1 |   4.2
       D:11 |    4439 |    1476 |  25.0 |      35 |      10 |  22.2
     Lair:1 |    4723 |    1088 |  18.7 |      19 |       4 |  17.4
            +---------+---------+-------+---------+---------+-------
